 Dungeon Crawl Stone Soup version 0.28.0-53-g5a82cb258f (webtiles) character file.

Game seed: 8992109497906902466

1500 jamesp the Insei (level 8, 0/48 HPs)
             Began as an Octopode Transmuter on Aug 16, 2022.
             Was an Initiate of Qazlal.
             Slain by a killer bee (8 damage)
             ... on level 6 of the Dungeon.
             The game lasted 00:20:24 (9040 turns).

jamesp the Insei (Octopode Transmuter)              Turns: 9040, Time: 00:20:25

Health: 0/48       AC:  1    Str: 16    XL:     8   Next: 81%
Magic:  16/16      EV: 13    Int: 17    God:    Qazlal [......]
Gold:   139        SH:  0    Dex: 12    Spells: 14/18 levels left

rFire   . . .      SeeInvis .     - Unarmed
rCold   . . .      Faith    .   (no shield)
rNeg    . . .      Spirit   .   (helmet currently unavailable)
rPois   .          Reflect  .   (no amulet)
rElec   .          Harm     .   i - +6 ring of strength
rCorr   .          Rampage  .   s - ring of wizardry
Will    .....                   (no ring)
Stlth   ++........              (no ring)
HPRegen 0.16/turn               (no ring)
MPRegen 0.15/turn               (no ring)
                                (no ring)
                                (no ring)

@: appendages
A: tentacle spike 3, almost no armour, amphibious, 8 rings, camouflage 1,
gelatinous body 1, (nimble swimmer 1), tentacles
a: End Transformation, Renounce Religion


You were on level 6 of the Dungeon.
You worshipped Qazlal.
Qazlal was noncommittal.
One of your tentacles had grown a beastly spike.
You visited 1 branch of the dungeon, and saw 7 of its levels.
You also visited: Ossuary.

You collected 313 gold pieces.
You spent 174 gold pieces at shops.

Inventory:

Missiles
 c - 130 stones
 g - 68 arrows
 n - 3 boomerangs
 y - 30 sling bullets
 A - 2 atropa-tipped darts
Jewellery
 i - a +6 ring of strength (left tentacle)
 s - a ring of wizardry (right tentacle)
Wands
 u - a wand of flame (17)
Scrolls
 a - 5 scrolls of identify {unknown}
 b - 3 scrolls of brand weapon {unknown}
 d - 2 scrolls of fog {unknown}
 e - 3 scrolls of teleportation {unknown}
 f - 4 scrolls of magic mapping
 j - a scroll of acquirement {unknown}
 k - a scroll of blinking {unknown}
 m - 2 scrolls of amnesia {unknown}
 q - a scroll of enchant armour {unknown}
 r - a scroll of vulnerability {unknown}
 t - 7 scrolls of noise
 v - 4 scrolls of fear {unknown}
 w - a scroll of summoning {unknown}
 x - a scroll of enchant weapon {unknown}
Potions
 h - 4 potions of attraction
 l - 3 potions of curing
 o - 2 potions of brilliance {unknown}
 p - 4 potions of mutation {unknown}
 z - 2 potions of haste {unknown}


   Skills:
 - Level 1.0 Fighting
 - Level 3.0 Dodging
 + Level 6.7 Unarmed Combat
 + Level 5.8 Spellcasting
 + Level 6.3 Transmutations


You had 14 spell levels left.
You knew the following spells:

 Your Spells              Type           Power      Damage    Failure   Level
a - Beastly Appendage     Tmut           52%        N/A       1%          1
b - Spider Form           Tmut/Pois      15%        N/A       4%          3

Your spell library contained the following spells:

 Spells                   Type           Power      Damage    Failure   Level
 Wereblood                Tmut           26%        N/A       1%          2
 Blink                    Tloc           8%         N/A       9%          2
 Ice Form                 Ice/Tmut       15%        N/A       14%         4
 Manifold Assault         Tloc           4%         N/A       78%         5
 Storm Form               Tmut/Air       7%         N/A       100%        7


Dungeon Overview and Level Annotations

Branches:
Dungeon (7/15)             Temple (0/1) D:7         Ossuary (visited)

Altars:
Nemelex Xobeh
Qazlal
Zin

Shops:
D:3 *   D:5 *


Innate Abilities, Weirdness & Mutations

One of your tentacles has grown a beastly spike.
You cannot wear most types of armour.
You are amphibious.
You can wear up to eight rings at the same time.
Your skin changes colour to match your surroundings (Stealth+).
Your rubbery body absorbs attacks. (AC +1, EV +1)
((You are camouflaged when in or above water. (Stealth+)))
You have tentacles for arms and can constrict up to eight enemies at once.


Message History

You feel sick. The killer bee closely misses you. The killer bee stings you!
* * * LOW HITPOINT WARNING * * *
You are more poisoned.
The killer bee poisons you!
You feel better.
You constrict the killer bee, but do no damage.
The killer bee misses you.
The killer bee stings you but does no damage.
You feel better.
You constrict the killer bee. The killer bee stings you.
* * * LOW HITPOINT WARNING * * *
The killer bee barely misses you.
You feel better.
You constrict the killer bee. The killer bee barely misses you.
The killer bee stings you.
You tentacle-slap the killer bee.
Your tentacle spike misses the killer bee.
You squeeze the killer bee.
The killer bee is almost dead.
You constrict the killer bee.
You kill the killer bee!
Qazlal accepts your kill. The killer bee stings you!
* * * LOW HITPOINT WARNING * * *
You are lethally poisoned!
The killer bee poisons you!
You feel better. The killer bee closely misses you.
The killer bee stings you but does no damage.
You barely miss the killer bee. Your grab misses the killer bee.
Your tentacle spike misses the killer bee.
You squeeze the killer bee!
The killer bee is heavily wounded.
The killer bee barely misses you. The killer bee closely misses you.
You barely miss the killer bee. Your grab misses the killer bee.
Your tentacle spike misses the killer bee.
The killer bee is heavily wounded.
The killer bee stings you.
* * * LOW HITPOINT WARNING * * *
You barely miss the killer bee. Your grab misses the killer bee.
The killer bee is heavily wounded.
The killer bee barely misses you. The killer bee stings you!
You die...

.......# #.......#
.#####.# #.......#
.#####.#####.......#
.##................##
.......#####........#
.##.##.# #........#
.......# #........#
....##.# ########.###
..#.##.######...@y....#
.......#.......###....#
....####.......#..>>..####
#.### #.......#........|#
#.## #.......#.........#
#..# ##....)............#
##.# #........####...####
#.# #........# #...# #.#
#.###########...#


You could see a killer bee.

Vanquished Creatures
  A steam dragon (D:6)
  A black bear (D:4)
  An ogre (D:4)
  A centaur (D:5)
  A bullfrog (D:4)
  3 scorpions
  A gnoll sergeant (D:5)
  A killer bee (D:6)
  A bullfrog zombie (D:5)
  A jelly (D:5)
  4 centaur zombies
  2 hounds
  2 centaur skeletons
  A human zombie (Ossuary)
  An orc priest (D:5)
  A bullfrog skeleton (D:6)
  3 iguanas
  A killer bee zombie (D:5)
  5 mummies (Ossuary)
  A hound skeleton (D:3)
  A gnoll (D:5)
  9 adders
  3 dart slugs
  14 orcs
  7 endoplasms
  3 giant cockroaches
  2 gnoll zombies (Ossuary)
  8 hobgoblins
  3 jackals (D:5)
  8 quokkas
  8 ball pythons
  5 bats
  3 frilled lizards
  3 goblins
  3 goblin zombies (Ossuary)
  6 kobolds
  4 rats
123 creatures vanquished.

Notes
Turn   | Place    | Note
-------+----------+-------------------------------------------
     0 | D:1      | jamesp the Octopode Transmuter began the quest for the Orb.
     0 | D:1      | Reached XP level 1. HP: 13/13 MP: 3/3
   340 | D:1      | Reached XP level 2. HP: 11/18 MP: 3/5
   845 | D:1      | Found a faded altar of an unknown god.
   856 | D:1      | Reached XP level 3. HP: 20/23 MP: 4/6
  2260 | D:2      | Reached XP level 4. HP: 21/28 MP: 7/7
  2522 | D:2      | Learned a level 3 spell: Spider Form
  3624 | D:3      | Reached XP level 5. HP: 33/33 MP: 9/9
  3699 | D:3      | Noticed a sky beast
  4048 | D:3      | Found Nypa's Assorted Antiques.
  4559 | D:4      | Reached XP level 6. HP: 33/38 MP: 8/11
  5438 | D:4      | Noticed a black bear
  5448 | D:4      | Killed a black bear
  5449 | D:4      | Reached XP level 7. HP: 33/43 MP: 10/13
  5538 | D:5      | Entered Level 5 of the Dungeon
  5554 | D:5      | Found Vomeigh's General Store.
  5560 | D:5      | Bought a scroll of magic mapping for 45 gold pieces
  5560 | D:5      | Bought a potion of attraction for 39 gold pieces
  5631 | D:5      | Reached skill level 5 in Unarmed Combat
  6038 | D:5      | Reached skill level 5 in Transmutations
  6577 | D:5      | Reached XP level 8. HP: 30/48 MP: 13/15
  6866 | D:5      | Found a sparkling altar of Nemelex Xobeh.
  6866 | D:5      | Found a stormy altar of Qazlal.
  6876 | D:5      | Became a worshipper of Qazlal Stormbringer
  7264 | D:5      | Reached skill level 5 in Spellcasting
  7799 | D:6      | Found a sand-covered staircase.
  7804 | Ossuary  | Entered an ossuary
  8928 | D:7      | Found a staircase to the Ecumenical Temple.
  8936 | D:7      | Noticed a deep elf pyromancer
  8951 | D:7      | Found Zin's Purification Station.
  8953 | D:7      | Found a glowing silver altar of Zin.
  8956 | D:7      | Bought a potion of curing for 90 gold pieces
  9032 | D:6      | HP: 1/48 [killer bee (7)]
  9040 | D:6      | Slain by a killer bee

Illustrated notes

Levels and vault maps discovered:
D:1:      eino_arrival_water_star, layout_loops_ring,
          nicolae_ecumenical_snake_handling
D:2:      layout_basic
D:3:      layout_basic, serial_shops, shop, lightli_corner_chamber
D:4:      layout_basic
D:5:      cheibrodos_two_vegetables, layout_loops_ring,
          chequers_temple_overflow_statue_of_worship, serial_shops, shop,
          roderic_lattice_a, chequers_serial_rivers_marsh,
          chequers_serial_rivers_micro_c, kennysheep_generic_room_11
D:6:      layout_loops_cross, enter_ossuary_5
D:7:      layout_layer_cave, zin_purify, minmay_temple_entry_trees, uniq_joseph,
          uniq_maggie

Skill      XL: |  1  2  3  4  5  6  7  8 |
---------------+-------------------------+-----
Transmutations | 3 4 5 6 |  6.3
Dodging        | 3 |  3.0
Spellcasting   | 3 4 5 |  5.8
Unarmed Combat | 4 5 6 |  6.7
Fighting       | |  1.0

Action                   |  1- 3 |  4- 6 |  7- 9 || total
-------------------------+-------+-------+-------++-------
Melee: Unarmed           |    90 |    89 |   141 ||   320
       Constrict         |    25 |    24 |    28 ||    77
       Tentacles         |    13 |    15 |    34 ||    62
       Kick              |    14 |    31 |    63 ||   108
       Punch             |     2 |     4 |     6 ||    12
 Cast: Beastly Appendage |    13 |    17 |    24 ||    54
  Use: Potion            |       |     1 |     4 ||     5
       Scroll            |       |       |     1 ||     1
 Stab: Sleeping          |     7 |    10 |     7 ||    24
       Distracted        |       |     1 |     1 ||     2
Armor: Skin              |     7 |     5 |     7 ||    19
Dodge: Dodged            |    58 |    33 |    77 ||   168
